 Dungeon Crawl Stone Soup version 0.18.1-5-g4a78601 (webtiles) character file.

180 dracos369 the Skirmisher (level 5, 0/43 HPs)
             Began as a Formicid Abyssal Knight on May 13, 2016.
             Was a Priest of Lugonu.
             Killed by a spatial distortion (3 damage)
             ... on level 3 of the Dungeon.
             The game lasted 00:06:18 (2254 turns).

dracos369 the Skirmisher (Formicid Abyssal Knight)  Turns: 2254, Time: 00:06:19

Health: 0/43       AC:  8    Str: 16    XL:     5   Next: 91%
Magic:  17/17      EV: 11    Int: 12    God:    Lugonu [***...]
Gold:   111        SH:  0    Dex: 11    Spells: 0 memorised, 4 levels left

rFire  . . .     SeeInvis +     a - +1 falchion
rCold  . . .     Gourm    .     p - +2 leather armour {rPois}
rNeg   . . .     Faith    .     (no shield)
rPois  +         Spirit   .     (helmet unavailable)
rElec  .         Dismiss  .     (no cloak)
rCorr  .         Reflect  .     k - +2 pair of gloves
SustAt .         Harm     .     (no boots)
MR     .....                    (no amulet)
Stlth  +.........               (no ring)
                                m - ring of magical power

@: lethally poisoned (0 -> -4), not resistant to hostile enchantments, very
unstealthy
A: permanent stasis, dig shafts and tunnels, four strong arms, antennae 3
a: Dig, Shaft Self, Depart the Abyss, Bend Space, Banish, Renounce Religion


You were on level 3 of the Dungeon.
You worshipped Lugonu.
Lugonu was most pleased with you.
You were not hungry.

You visited 1 branch of the dungeon, and saw 3 of its levels.
You visited the Abyss 1 time.

You collected 111 gold pieces.

Inventory:

Hand Weapons
 a - a +1 falchion (weapon)
Missiles
 b - 2 tomahawks (quivered)
 l - 8 curare-tipped needles
Armour
 k - a +2 pair of gloves (worn)
 p - a +2 leather armour of poison resistance (worn)
Jewellery
 m - a ring of magical power (left hand)
Scrolls
 d - 2 scrolls of random uselessness {unknown}
 i - a scroll of immolation {unknown}
 j - 2 scrolls of identify {unknown}
 n - 2 scrolls of magic mapping {unknown}
 o - a scroll of enchant weapon {unknown}
Potions
 e - a potion of curing {unknown}
 h - a potion of flight {unknown}
 q - a potion of haste {unknown}
Comestibles
 c - 2 bread rations
 f - a royal jelly
 g - 3 meat rations
 r - 3 fruits
 s - 2 chunks of flesh


   Skills:
 + Level 4.3 Fighting
 * Level 4.0 Long Blades
 - Level 2.1 Armour
 - Level 0.8 Dodging
 + Level 4.0 Invocations


You had 4 spell levels left.
You didn't know any spells.

Dungeon Overview and Level Annotations

Branches:
Dungeon (3/15)

Altars:


Innate Abilities, Weirdness & Mutations

You are under a permanent stasis effect.
You can dig through walls and to a lower floor.
Your four strong arms can wield two-handed weapons with a shield.
You have a pair of large antennae on your head (SInv).


Message History

The scorpion stings you.
* * * LOW HITPOINT WARNING * * *
You are too injured to fight recklessly!
You are too injured to fight recklessly!
You hit the scorpion.
The scorpion is heavily wounded.
You feel sick. The scorpion closely misses you.
You hit the scorpion.
The scorpion is heavily wounded.
You feel sick.
The scorpion stings you but does no damage.
You hit the scorpion but do no damage.
The scorpion is heavily wounded.
You feel sick. The scorpion closely misses you. x2
You barely miss the scorpion.
The scorpion is heavily wounded.
You feel sick. The scorpion stings you.
* * * LOW HITPOINT WARNING * * *
Space bends around you!
You blink.
You die...

.......<# #.#
###..#..#########.#
#..#.....##.....#
#..#.###.##÷#######
#..#. #............
#. #..##.####### #.
#..##.######## #.
#......§s....# {..
#.###@######.# #.
#.# [. ..# #. ####
{


You could see a scorpion.

Vanquished Creatures
  A centaur skeleton (D:3)
  An orc wizard (D:3)
  Robin (D:2)
  4 adders (D:2)
  An ooze (D:1)
  A worm (D:2)
  2 dart slugs
  A giant gecko (D:3)
  4 orcs
  2 giant cockroaches
  14 goblins
  5 hobgoblins
  2 jackals (D:2)
  6 kobolds
  4 bats
  5 giant newts
  8 rats
62 creatures vanquished.

Notes
Turn   | Place    | Note
--------------------------------------------------------------
     0 | Abyss:1  | dracos369 the Formicid Abyssal Knight began the quest for the Orb.
     0 | Abyss:1  | Reached XP level 1. HP: 18/18 MP: 2/2
    80 | Abyss:1  | Noticed a starcursed mass
    94 | D:1      | Escaped the Abyss
   300 | D:1      | Reached XP level 2. HP: 24/24 MP: 3/3
   597 | D:1      | Reached ** piety under Lugonu
   601 | D:1      | Reached XP level 3. HP: 26/29 MP: 3/5
   918 | D:2      | Noticed Robin
   935 | D:2      | Reached XP level 4. HP: 22/37 MP: 6/6
   952 | D:2      | Killed Robin
  1298 | D:2      | Reached XP level 5. HP: 21/42 MP: 7/7
  1869 | D:3      | Reached *** piety under Lugonu
  1941 | D:3      | HP: 1/43 [orc/hand axe (5)]
  2254 | D:3      | Killed by a spatial distortion

Skill      XL: |  1  2  3  4  5 |
---------------+----------------+-----
Invocations    | 3 4 |  4.0
Long Blades    | 3 4 |  4.0
Fighting       | 4 |  4.3
Armour         | |  2.1
Dodging        | |  0.8

Action                   |  1- 3 |  4- 6 || total
-------------------------+-------+-------++-------
Melee: Falchion          |    84 |   155 ||   239
Invok: Bend Space        |       |     1 ||     1
 Abil: Dig               |     1 |       ||     1
  Eat: Chunk             |       |     5 ||     5
Armor: Leather armour    |    51 |    58 ||   109
Dodge: Dodged            |    80 |   113 ||   193
